 Dungeon Crawl Stone Soup version 0.26.1-11-gd32895ea62 (webtiles) character file.

Game seed: 5456867027039111127

184 infcreate the Sneak (level 5, -1/30 HPs)
             Began as a Vampire Enchanter on May 17, 2021.
             Slain by a water moccasin (2 damage)
             ... in the Ecumenical Temple.
             The game lasted 00:07:41 (4675 turns).

infcreate the Sneak (Vampire Enchanter)             Turns: 4675, Time: 00:07:41

Health: -1/30      AC:  5    Str:  7    XL:     5   Next: 36%
Magic:  2/9        EV: 13    Int: 18    God:
Gold:   114        SH:  0    Dex: 15    Spells: 3/9 levels left

rFire    . . .     SeeInvis +   d - +2 short sword (freeze)
rCold    + + .     Faith    .   (no shield)
rNeg     + + +     Spirit   .   b - +0 robe
rPois    ∞         Reflect  .   f - +1 hat
rElec    .         Harm     .   m - +1 cloak
rCorr    .         Rampage  .   (no gloves)
Will     .....                  (no boots)
Stlth    +++++.....             (no amulet)
HPRegen  0.00/turn              (no ring)
MPRegen  0.11/turn              (no ring)

@: bloodless
A: fangs 3, see invisible, unbreathing
a: Bat Form, Revivify


You were in the Ecumenical Temple.
You visited 2 branches of the dungeon, and saw 5 of its levels.

You collected 114 gold pieces.


Innate Abilities, Weirdness & Mutations

You do not regenerate when monsters are visible.
You are frail without blood (-20% HP).
You can heal yourself when you bite living creatures.
You are immune to poison.
You have razor-sharp teeth.
You have supernaturally acute eyesight. (SInv)
You can survive without breathing.


   Skills:
 + Level 1.7 Fighting
 + Level 2.5 Short Blades
 + Level 3.2 Dodging
 + Level 5.5 Stealth
 + Level 2.6 Spellcasting
 + Level 5.3 Hexes


You had 3 spell levels left.
You knew the following spells:

 Your Spells              Type           Power        Failure   Level
c - Corona                Hex            23%          1%          1
e - Ensorcelled Hibernat  Hex/Ice        24%          9%          2
t - Confusing Touch       Hex            21%          5%          3

Your spell library contained the following spells:

 Spells                   Type           Power        Failure   Level
 Tukima's Dance           Hex            21%          5%          3
 Dazzling Flash           Conj/Hex       24%          17%         3

Inventory:

Hand Weapons
 a - a +1 dagger
 d - a +2 short sword of freezing (weapon)
Armour
 b - a +0 robe (worn)
 f - a +1 hat (worn)
 m - a +1 cloak (worn)
Scrolls
 c - 2 scrolls of remove curse {unknown}
 e - a scroll of fog
 k - a scroll of enchant armour
 n - a scroll of identify {@r1}
 o - a scroll of blinking {unknown}
Potions
 g - a potion of flight {unknown}
 h - 2 potions of heal wounds {unknown}
 i - 2 potions of mutation {unknown}
 j - 2 potions of curing {unknown}
 l - a potion of brilliance {unknown}

Dungeon Overview and Level Annotations

Branches:
Dungeon (4/15)             Temple (1/1) D:4

Altars:
Ashenzari
Dithmenos
Elyvilon
Gozag
Hepliaklqana
Makhleb
Okawaru
Ru
Sif Muna
Trog
Vehumet
Wu Jian
Yredelemnul
Zin

░░░░░░
░░░░.....░░░
░░░.....⚑.....░
░....@.........
░░..Shh....⚑...
░░.....⚑.....░
░░.........░
░░..⚑.⚑..░
░░.....░░
░░.⚑.░░
░░░░░░...░░░░░░
........<.......


You could see a water moccasin and 2 howler monkeys.


Message History

Aiming: Ensorcelled Hibernation (safe; 9% risk of failure)
Press: ? - help, Shift-Dir - straight line, f/p - howler monkey
Aim: a howler monkey (catching its breath, chance to affect: 51%)
The howler monkey resists with some effort.
The water moccasin bites you.
The howler monkey hoots and howls with incredible vigour!
The howler monkey misses you. The water moccasin bites you.
* * * LOW HITPOINT WARNING * * *
The howler monkey barely misses you.
Casting: Ensorcelled Hibernation (safe; 9% risk of failure)
Confirm with . or Enter, or press ? or * to list all spells.
Aiming: Ensorcelled Hibernation (safe; 9% risk of failure)
Press: ? - help, Shift-Dir - straight line, f/p - howler monkey
Aim: a howler monkey (chance to affect: 51%)
The howler monkey resists with some effort.
The howler monkey hoots and howls with incredible vigour!
The water moccasin bites you!
* * * LOW HITPOINT WARNING * * *
The howler monkey hits you.
* * * LOW HITPOINT WARNING * * *
Casting: Ensorcelled Hibernation (safe; 9% risk of failure)
Confirm with . or Enter, or press ? or * to list all spells.
You don't have enough magic to cast that spell.
The howler monkey closely misses you.
The water moccasin completely misses you.
The howler monkey misses you. The howler monkey hits you.
* * * LOW HITPOINT WARNING * * *
The howler monkey hoots and howls with incredible vigour!
The water moccasin bites you.
You die...

Skill      XL: |  1  2  3  4 |
---------------+-------------+-----
Fighting       | 1 |  1.7
Stealth        | 5 |  5.5
Short Blades   | 2 |  2.5
Hexes          | 5 |  5.3
Dodging        | 3 |  3.2
Spellcasting   | |  2.6

Action                   |  1- 3 |  4- 6 || total
-------------------------+-------+-------++-------
Melee: Dagger            |   105 |    57 ||   162
       Bite              |     8 |     6 ||    14
       Short sword       |       |    38 ||    38
 Cast: Corona            |    10 |     2 ||    12
       Ensorcelled Hiber |    22 |    16 ||    38
       Confusing Touch   |     2 |       ||     2
 Abil: Exsanguinate      |     1 |       ||     1
  Use: Scroll            |     1 |     2 ||     3
 Stab: Sleeping          |    23 |     7 ||    30
       Confused          |     2 |       ||     2
Armor: Robe              |    22 |    27 ||    49
Dodge: Dodged            |    90 |    75 ||   165

Levels and vault maps discovered:
D:1:      mrwooster_arrival_statue_2, layout_loops_ring, st_stairs_6,
          minmay_misc_feat_plants
D:2:      lemuel_upstairs_altar, layout_basic, serial_forest,
          infiniplex_forest_corner_1, infiniplex_forest_side_room,
          infiniplex_forest_end_2, infiniplex_forest_end_2,
          infiniplex_forest_end_2, infiniplex_forest_end_3,
          infiniplex_forest_lined_4_way, infiniplex_forest_lined_3,
          infiniplex_forest_lined_room_2
D:3:      layout_rooms, kennysheep_minor_cross, chequers_serial_rivers_micro_d
D:4:      layout_loops_cross, minmay_temple_entry_grid, gammafunk_ghost_split
Temple:   dpeg_three_leaves_temple

Notes
Turn   | Place    | Note
-------+----------+-------------------------------------------
     0 | D:1      | infcreate the Vampire Enchanter began the quest for the
                  | Orb.
     0 | D:1      | Reached XP level 1. HP: 13/13 MP: 3/3
   508 | D:1      | Reached XP level 2. HP: 3/15 MP: 3/5
   511 | D:1      | Learned a level 2 spell: Ensorcelled Hibernation
  1701 | D:2      | Reached XP level 3. HP: 20/20 MP: 2/6
  1703 | D:2      | Reached skill level 1 in Fighting
  2209 | D:2      | Reached skill level 5 in Stealth
  3061 | D:1      | Learned a level 3 spell: Confusing Touch
  3443 | D:2      | Reached skill level 2 in Short Blades
  3443 | D:2      | Reached skill level 5 in Hexes
  3443 | D:2      | Reached XP level 4. HP: 25/25 MP: 4/7
  3978 | D:2      | Found a shimmering blue altar of Sif Muna.
  4131 | D:2      | Reached skill level 3 in Dodging
  4318 | D:3      | Reached XP level 5. HP: 27/29 MP: 5/8
  4651 | D:3      | You fall into a shaft and drop 1 floor!
  4653 | D:4      | Found a staircase to the Ecumenical Temple.
  4655 | D:4      | Noticed a water moccasin
  4659 | Temple   | Entered the Ecumenical Temple
  4670 | Temple   | HP: 2/30 [howler monkey (3)]
  4675 | Temple   | Slain by a water moccasin

Vanquished Creatures
  A bullfrog zombie (D:2)
  An orc priest (D:3)
  A worker ant (D:3)
  4 adders
  A dart slug (D:1)
  A leopard gecko (D:1)
  3 orcs
  8 bats
  5 giant cockroaches
  7 goblins
  6 hobgoblins
  7 jackals
  3 kobolds
  A ball python (D:1)
  4 rats
53 creatures vanquished.

Vanquished Creatures (others)
  5 plants (D:2)
5 creatures vanquished.

Grand Total: 58 creatures vanquished

Table legend: (Time is in decaauts)
 A = Elapsed time spent in this place.
 B = Non-inter-level travel time spent in this place.
 C = Inter-level travel time spent in this place.
 D = Time resting spent in this place.
 E = Time spent auto-exploring this place.
 F = Levels seen in this place.
 G = Mean time per level.
                   A        B        C        D        E       F      G
               +--------+--------+--------+--------+--------+-----+--------+
         Total |   4666 |   4447 |    219 |    928 |   2791 |   5 |  933.2 |
       Dungeon |   4651 |   4432 |    219 |    928 |   2791 |   4 | 1162.8 |
        Temple |     15 |     15 |      0 |      0 |      0 |   1 |   15.0 |
               +--------+--------+--------+--------+--------+-----+--------+

Top non-repeatable levels by time:
     D:1: 2127 daAuts
     D:2: 2038 daAuts
     D:3: 477 daAuts
  Temple: 15 daAuts
     D:4: 7 daAuts

Table legend:
 A = Non-vault XP
 B = Vault XP
 C = Vault XP percentage of total XP
 D = Non-vault monster count
 E = Vault monster count
 F = Vault count percentage of total count
                 A         B        C        D         E       F
            +---------+---------+-------+---------+---------+-------
      Total |     261 |       2 |   0.8 |      52 |       1 |   1.9
            +---------+---------+-------+---------+---------+-------
        D:1 |      35 |       2 |   5.4 |      19 |       1 |   5.0
        D:2 |     116 |       0 |   0.0 |      20 |       0 |   0.0
        D:3 |     110 |       0 |   0.0 |      13 |       0 |   0.0
            +---------+---------+-------+---------+---------+-------
